 Seeded DCSS version 0.28.0-53-g5a82cb258f (webtiles) character file.

Game seed: 4266793832307495423 (custom seed)

6963 Kranky the Fighter (level 10, -8/92 HPs)
             Began as a Minotaur Fighter on July 2, 2022.
             Was a Follower of Qazlal.
             Killed by the air
             ... invoked by a blizzard demon
              (10 damage)
             ... on level 1 of the Abyss.
             The game lasted 00:24:53 (13830 turns).

Kranky the Fighter (Minotaur Fighter)              Turns: 13830, Time: 00:24:54

Health: -8/92      AC: 18    Str: 24    XL:     10   Next: 81%
Magic:  7/7        EV: 12    Int: 11    God:    Qazlal [*.....]
Gold:   483        SH:  6    Dex: 11    Spells: 9/9 levels left

rFire   . . .      SeeInvis .   C - +4 short sword (freeze)
rCold   + + .      Faith    .   c - +0 buckler
rNeg    . . .      Spirit   .   k - +7 Kryia's mail coat {PotionHeal*2 rC+}
rPois   .          Reflect  .   (helmet restricted)
rElec   .          Harm     .   (no cloak)
rCorr   .          Rampage  .   x - +0 pair of gloves
Will    .....      Rage     3%  j - +0 pair of boots
Stlth   .......... Rnd*Tele +   (no amulet)
HPRegen 0.25/turn               D - ring of protection from cold
MPRegen 0.10/turn               G - +6 ring of intelligence

@: studying Crossbows
A: horns 2, retaliatory headbutt, frail 1, [berserk 2], [low MP 2],
[teleportitis 2]
a: Renounce Religion


You were on level 1 of the Abyss.
You worshipped Qazlal.
Qazlal was aware of your devotion.
You visited 2 branches of the dungeon, and saw 11 of its levels.
You visited the Abyss 1 time.
You also visited: Ossuary.

You collected 483 gold pieces.

Inventory:

Hand Weapons
 q - a +2 dagger of venom
 C - a +4 short sword of freezing (weapon)
Missiles
 A - 15 poisoned darts (quivered)
Armour
 b - a +0 scale mail
 c - a +0 buckler (worn)
 j - a +0 pair of boots (worn)
 k - the +7 Kryia's mail coat (worn) {PotionHeal*2 rC+}
   (You found it on level 2 of the Dungeon)

   Potions are twice as effective at healing its wearer.
   rC:        It protects you from cold.
 x - a +0 pair of gloves (worn)
Jewellery
 f - a ring of wizardry
 D - a ring of protection from cold (left hand)
 G - a +6 ring of intelligence (right hand)
Wands
 y - a wand of iceblast (10)
 B - a wand of flame (11)
Scrolls
 h - a scroll of teleportation
 m - a scroll of brand weapon {unknown}
 n - 2 scrolls of identify
 p - 2 scrolls of vulnerability
 s - a scroll of fear
 v - a scroll of fog {unknown}
 E - a scroll of enchant armour {unknown}
 H - 2 scrolls of blinking {unknown}
 J - a scroll of amnesia {unknown}
Potions
 d - 2 potions of might
 e - 2 potions of berserk rage {unknown}
 g - 3 potions of brilliance {unknown}
 i - 2 potions of attraction {unknown}
 l - 2 potions of cancellation
 o - 2 potions of lignification {unknown}
 r - 11 potions of curing
 t - 4 potions of haste
 u - 2 potions of heal wounds
 w - a potion of mutation {unknown}
 z - 4 potions of magic
 F - a potion of invisibility {unknown}
 I - a potion of flight {unknown}


   Skills:
 + Level 14.0 Fighting
 - Level 2.4 Polearms
 + Level 10.2 Armour
 - Level 6.0 Dodging
 - Level 6.0 Shields
 * Level 5.2 Evocations


You had 9 spell levels left.
You didn't know any spells.
Your spell library contained the following spells:

 Spells                   Type           Power      Damage    Failure   Level
 Pain                     Necr           0%         1d4       67%         1
 Sting                    Tmut/Pois      0%         1d3       67%         1
 Ensorcelled Hibernation  Hex/Ice        0%         N/A       80%         2
 Poisonous Vapours        Pois/Air       0%         N/A       80%         2
 Ozocubu's Armour         Ice            0%         N/A       95%         3
 Spider Form              Tmut/Pois      0%         N/A       95%         3
 Anguish                  Hex/Necr       0%         N/A       100%        4
 Olgreb's Toxic Radiance  Pois           0%         N/A       100%        4
 Agony                    Necr           0%         N/A       100%        5
 Excruciating Wounds      Necr           0%         N/A       100%        5
 Metabolic Englaciation   Hex/Ice        0%         N/A       100%        5
 Simulacrum               Ice/Necr       0%         N/A       100%        6


Dungeon Overview and Level Annotations

Branches:
Dungeon (10/15)            Temple (1/1) D:7            Lair (0/6) D:10
Ossuary (visited)
    Orc: D:9-12

Altars:
Ashenzari
Cheibriados
Dithmenos
Elyvilon
Fedhas
Hepliaklqana
Makhleb
Nemelex Xobeh
Okawaru
Qazlal
Ru
Trog
Uskayaw
Vehumet
Yredelemnul
Zin

Shops:
D:2 ?   D:3 (

Annotations:
D:9 2 transporters, exclusions: ice statue and oklob plant, Imhoden's ghost, novice MiFi
D:10 Erolcha


Innate Abilities, Weirdness & Mutations

You have a pair of horns on your head.
You reflexively headbutt those who attack you in melee.
You are frail. (-10% HP)
[You often lose your temper in combat.]
[Your magical capacity is very low. (-20% MP)]
[You are sometimes teleported next to monsters.]


Message History

The blast of flame hits you.
A hell hound comes into view.
A hell hound comes into view.
The hell hound barks!
You hear a bark!
A deep elf sorcerer comes into view.
It is wielding a +2 long sword of protection.
A hell hound comes into view.
The deep elf sorcerer shouts!
The hell hound barks!
A hell hound comes into view.
The hell hound barks!
The deep elf sorcerer mumbles some strange words.
The deep elf sorcerer seems to speed up.
A blizzard demon comes into view.
The blizzard demon shouts!
The blizzard demon gestures at you. The bolt of lightning misses you.
The hell hound barely misses you.
The blizzard demon waves its arms in wide circles.
The air twists around and strikes you!
The deep elf sorcerer shouts, "You can't withstand my power!"
A sixfirhy comes into view.
The hell hound breathes flames at you. The blast of flame misses you.
The deep elf sorcerer gestures at you while chanting.
The sphere of damnation explodes!
The damnation engulfs you!! The hell hound breathes flames at you.
The blast of flame hits you!
* * * LOW HITPOINT WARNING * * *
You hear a roar!
A smoke demon comes into view.
The smoke demon roars!
The smoke demon gestures at you. The ball of steam hits you!
* * * LOW HITPOINT WARNING * * *
The sixfirhy hits you but does no damage.
The sixfirhy misses you. The sixfirhy hits you.
* * * LOW HITPOINT WARNING * * *
The sixfirhy shocks you!
* * * LOW HITPOINT WARNING * * *
The blizzard demon waves its arms in wide circles.
The air twists around and strikes you!
You die...

.. ##.
...#...#
3.§...# .....#
... §...# ....
#§§§# #...
##.§#
.....#§§@#
.........23§#
..........hhe#
. ..........h#
..# ....#...#
#
...#..###h..#
.#... .....# .
. ......#..#
#........###


You could see a blizzard demon, a deep elf sorcerer (fast), a sixfirhy and 4
hell hounds.

Vanquished Creatures
  A two-headed ogre (D:9)
  Pikel (D:7)
  A troll (D:6)
  3 hornets
  Grinder (D:3)
  3 yaks (D:6)
  A steam dragon (D:6)
  3 water moccasins (D:7)
  Duvessa (D:7)
  5 orc warriors
  A sky beast (D:7)
  2 black bears
  2 ice beasts (D:7)
  2 necrophages
  3 ogres
  Blork the orc (D:6)
  A kobold brigand (D:6)
  4 bullfrogs
  A gnoll sergeant (D:5)
  2 scorpions
  A wyvern zombie (D:9)
  5 killer bees (D:9)
  Dowan (D:7)
  3 water moccasin skeletons
  5 wights (D:9)
  4 centaur zombies
  2 bullfrog skeletons (D:5)
  3 hounds
  A gnoll shaman (D:9)
  8 orc priests
  2 centaur skeletons (D:7)
  2 jellies (D:6)
  An iguana (D:7)
  12 orc wizards
  A hound skeleton (D:5)
  A howler monkey zombie (D:8)
  4 mummies (Ossuary)
  Robin (D:1)
  11 gnolls
  2 adders
  2 white imps
  2 worms (D:2)
  2 dart slugs
  24 orcs
  3 bats (D:3)
  4 endoplasms
  3 giant cockroaches
  A gnoll zombie (Ossuary)
  8 goblins
  14 hobgoblins
  7 jackals
  A quokka (D:5)
  4 ball pythons
  A frilled lizard (D:3)
  A goblin zombie (Ossuary)
  3 hobgoblin zombies (Ossuary)
  6 kobolds
  A kobold zombie (Ossuary)
  An orc zombie (Ossuary)
  4 rats
201 creatures vanquished.

Vanquished Creatures (others)
  9 plants (D:1)
  8 starspawn tentacles (Abyss:1)
17 creatures vanquished.

Grand Total: 218 creatures vanquished

Notes
Turn   | Place    | Note
-------+----------+-------------------------------------------
     0 | D:1      | Kranky the Minotaur Fighter began the quest for the Orb.
     0 | D:1      | Reached XP level 1. HP: 19/19 MP: 0/0
   329 | D:1      | Reached XP level 2. HP: 27/27 MP: 1/1
   350 | D:1      | Found a faded altar of an unknown god.
   685 | D:2      | Found Kecruerchu's Magic Scroll Shop.
   777 | D:2      | Noticed Robin
   988 | D:1      | Reached skill level 4 in Fighting
   988 | D:1      | Reached XP level 3. HP: 17/33 MP: 2/2
  1145 | D:1      | Killed Robin
  1426 | D:2      | Found a glowing silver altar of Zin.
  1426 | D:2      | Found the +7 Kryia's mail coat {PotionHeal*2 rC+}
  1556 | D:3      | Noticed Grinder
  1562 | D:3      | Paralysed by Grinder for 5 turns
  1571 | D:3      | Paralysed by Grinder for 3 turns
  1576 | D:3      | Paralysed by Grinder for 5 turns
  1582 | D:3      | Killed Grinder
  1583 | D:3      | Reached skill level 5 in Shields
  1583 | D:3      | Reached XP level 4. HP: 10/41 MP: 3/3
  1583 | D:3      | Reached XP level 5. HP: 12/47 MP: 4/4
  1863 | D:3      | Reached skill level 5 in Fighting
  1919 | D:3      | Reached XP level 6. HP: 56/56 MP: 5/5
  2414 | D:3      | Found Elyirous's Antique Weapon Shoppe.
  2670 | D:4      | Reached skill level 1 in Dodging
  3119 | D:4      | Found a sand-covered staircase.
  3132 | Ossuary  | Entered an ossuary
  3216 | Ossuary  | Reached skill level 6 in Fighting
  3361 | Ossuary  | Reached XP level 7. HP: 63/63 MP: 6/6
  3946 | D:5      | Entered Level 5 of the Dungeon
  4021 | D:5      | Reached skill level 7 in Fighting
  4190 | D:5      | Reached skill level 8 in Fighting
  4190 | D:5      | Reached XP level 8. HP: 69/74 MP: 7/7
  4591 | D:5      | Reached skill level 5 in Dodging
  4810 | D:5      | Found a radiant altar of Vehumet.
  4810 | D:5      | Found a glowing silver altar of Zin.
  5362 | D:6      | Reached skill level 9 in Fighting
  5483 | D:6      | Noticed a hornet
  5493 | D:6      | Paralysed by a hornet for 2 turns
  5495 | D:6      | Killed a hornet
  5496 | D:6      | Reached skill level 10 in Fighting
  5625 | D:6      | Noticed a troll
  5664 | D:6      | Killed a troll
  5665 | D:6      | Reached XP level 9. HP: 33/86 MP: 8/8
  6099 | D:6      | Reached skill level 11 in Fighting
  6234 | D:6      | Reached skill level 1 in Evocations
  6850 | D:6      | Noticed Blork the orc
  6864 | D:6      | Killed Blork the orc
  7007 | D:6      | Reached skill level 12 in Fighting
  7572 | D:7      | Found a staircase to the Ecumenical Temple.
  7594 | Temple   | Entered the Ecumenical Temple
  7902 | Temple   | Became a worshipper of Qazlal Stormbringer
  8210 | D:7      | Identified the +2 robe of Yrchyla {rF+ Int+3}
  8307 | D:7      | Reached XP level 10. HP: 100/100 MP: 9/9
  8372 | D:7      | Noticed Duvessa
  8372 | D:7      | Noticed Dowan
  8381 | D:7      | Killed Dowan
  8394 | D:7      | Killed Duvessa
  8395 | D:7      | Reached skill level 13 in Fighting
  8463 | D:7      | Noticed Pikel
  9109 | D:7      | Killed Pikel
  9164 | D:7      | Found a staircase to the Ecumenical Temple.
 10467 | D:8      | Found an iron altar of Okawaru.
 10472 | D:8      | Found a broken altar of Ashenzari.
 10481 | D:8      | Found a hazy altar of Hepliaklqana.
 10481 | D:8      | Found a bloodstained altar of Trog.
 10489 | D:8      | Found a white marble altar of Elyvilon.
 10554 | D:8      | You fall into a shaft and drop 2 floors!
 10554 | D:10     | Entered Level 10 of the Dungeon
 10569 | D:10     | Found a staircase to the Lair.
 10583 | D:10     | Noticed a two-headed ogre
 11239 | D:9      | Reached * piety under Qazlal
 11505 | D:9      | Noticed a two-headed ogre
 11506 | D:9      | Noticed a boulder beetle
 11507 | D:9      | Noticed Imhoden's ghost (novice MiFi)
 11507 | D:9      | Noticed a manticore
 11510 | D:9      | Noticed an ice statue
 11516 | D:9      | Noticed an oklob plant
 11517 | D:9      | Noticed a two-headed ogre
 11521 | D:9      | Noticed a deep elf pyromancer
 11529 | D:9      | Found a transporter.
 11545 | D:9      | Found a transporter.
 12223 | D:9      | Reached skill level 5 in Evocations
 13100 | D:9      | Killed a two-headed ogre
 13101 | D:9      | Reached skill level 14 in Fighting
 13101 | D:9      | Reached skill level 10 in Armour
 13428 | D:10     | Noticed Erolcha
 13464 | D:10     | Cast into level 1 of the Abyss (Erolcha)
 13606 | Abyss:1  | Noticed a tentacled starspawn
 13620 | Abyss:1  | Noticed a wretched star
 13626 | Abyss:1  | Noticed a starcursed mass
 13654 | Abyss:1  | Noticed a wretched star
 13676 | Abyss:1  | Gained mutation: You are frail. (-10% HP) [a neqoxec]
 13810 | Abyss:1  | Noticed a starcursed mass
 13818 | Abyss:1  | Noticed a deep elf sorcerer
 13824 | Abyss:1  | Noticed a blizzard demon
 13826 | Abyss:1  | Noticed a sixfirhy
 13829 | Abyss:1  | Noticed a smoke demon
 13830 | Abyss:1  | HP: 2/92 [sixfirhy (12)]
 13830 | Abyss:1  | Killed from afar by a blizzard demon

Illustrated notes

Levels and vault maps discovered:
D:1:      elethiomel_arrival_quiet, layout_rooms, ebering_ecumenical_altar_hall,
          serial_rivers, chequers_serial_rivers_micro_a,
          chequers_serial_rivers_micro_a, chequers_serial_rivers_micro_e,
          chequers_serial_rivers_room_a, dk_noncrumbling_4, serial_bayou_lake_a
D:2:      layout_rooms, serial_shops, shop, basic_altar, uniq_robin
D:3:      layout_loops_corners, serial_shops, nicolae_diamond_shop, uniq_grinder
D:4:      layout_basic, nicolae_ossuary_entry_plus
D:5:      layout_loops_ring, gammafunk_temple_overflow_wave
D:6:      layout_cave_pods, serial_co_window_serial, co_window_paths_a,
          co_window_corner_a, co_window_corner_a, co_window_corner_a,
          co_window_paths_a, co_window_2corner, co_window_of_opportunity_c,
          co_window_corner_b, co_window_2corner, co_window_2corner,
          co_window_4corner_b, minmay_manual_mess, uniq_blork_the_orc
D:7:      layout_loops_corners, minmay_temple_entry_sparse_star, st_stairs_10,
          uniq_pikel, uniq_duvessa
D:8:      layout_cave_pools, nicolae_overflow_hallway_of_the_gods
D:9:      layout_basic, nzn_ghost_randoct
D:10:     layout_loops_corners, grunt_temple_overflow_open, lair_entry_dummy,
          uniq_erolcha
Temple:   compressed_dpeg_triangle_lava_temple
Abyss:1:  base: Temple, evilmike_abyss_exit_16

Skill      XL: |  1  2  3  4  5  6  7  8  9 10 |
---------------+-------------------------------+-----
Armour         | 4 6 7 10 | 10.2
Shields        | 4 5 6 |  6.0
Fighting       | 4 5 6 8 10 12 14 | 14.0
Dodging        | 2 4 6 |  6.0
Evocations     | 3 5 |  5.2
Polearms       | |  2.4

Action                   |  1- 3 |  4- 6 |  7- 9 | 10-12 || total
-------------------------+-------+-------+-------+-------++-------
Melee: Trident           |   108 |     7 |       |       ||   115
       Headbutt          |    16 |    12 |    74 |    51 ||   153
       Hand axe          |       |    75 |   121 |       ||   196
       Dagger            |       |       |   235 |   143 ||   378
       Short sword       |       |       |       |   119 ||   119
Throw: Throwing net      |       |       |       |     1 ||     1
Evoke: Wand              |       |       |     1 |       ||     1
  Use: Scroll            |       |       |     6 |     5 ||    11
       Potion            |       |       |       |     2 ||     2
Armor: Scale mail        |    36 |    42 |   205 |   134 ||   417
Dodge: Dodged            |    30 |    38 |   200 |   130 ||   398
Block: Buckler           |    12 |    22 |   102 |    64 ||   200
